 Dungeon Crawl Stone Soup version 0.30-a0-618-gd6c86c23d0 (webtiles) character file.

Game seed: 17336737749571159386

127 greasedhog the Shield-Bearer (level 5, -1/42 HPs)
             Began as a Formicid Fighter on Jan 10, 2023.
             Slain by an orc wizard
             ... wielding a +0 dagger
              (3 damage)
             ... on level 3 of the Dungeon.
             The game lasted 00:01:42 (1671 turns).

greasedhog the Shield-Bearer (Formicid Fighter)     Turns: 1671, Time: 00:01:42

Health: -1/42      AC:  7    Str: 23    XL:     5   Next: 33%
Magic:  5/5        EV:  7    Int:  7    God:
Gold:   133        SH: 13    Dex: 13    Spells: 4/4 levels left

rFire   . . .      SeeInvis +    a - +0 flail
rCold   . . .      Faith    .    i - +0 tower shield
rNeg    . . .      Spirit   .    b - +0 scale mail
rPois   .          Reflect  .    (helmet unavailable)
rElec   .          Harm     .    (no cloak)
rCorr   .          Rampage  .    (no gloves)
Will    +....                    (no boots) Stlth
                                 (no amulet)
HPRegen 0.27/turn                g - ring of willpower
MPRegen 0.09/turn                (no ring)

@: no status effects
A: permanent stasis, dig shafts and tunnels, antennae 3, four strong arms
a: Dig, Shaft Self


You were on level 3 of the Dungeon.
You visited 1 branch of the dungeon, and saw 3 of its levels.

You collected 133 gold pieces.

Inventory:

Hand Weapons
 a - a +0 flail (weapon)
Armour
 b - a +0 scale mail (worn)
 i - a +0 tower shield (worn)
Jewellery
 g - a ring of willpower (left hand)
Scrolls
 c - a scroll of immolation {unknown}
 f - a scroll of enchant armour {unknown}
 j - a scroll of noise {unknown}
 o - a scroll of vulnerability {unknown}
 p - a scroll of teleportation {unknown}
Potions
 d - a potion of might
 e - 3 potions of resistance
 h - a potion of flight {unknown}
 k - a potion of ambrosia {unknown}
 l - 2 potions of lignification {unknown}
 m - a potion of mutation {unknown}
 n - 2 potions of brilliance {unknown}


   Skills:
 * Level 4.1 Fighting
 * Level 3.0 Maces & Flails
 * Level 4.1 Armour
 * Level 5.1 Shields


You had 4 spell levels left.
You didn't know any spells.
Your spell library was empty.

Dungeon Overview and Level Annotations

Branches:
Dungeon (3/15)

Altars:

Shops:
D:1 (


Innate Abilities, Weirdness & Mutations

You cannot be hasted, slowed, berserked, paralysed or teleported.
You can dig through walls and to a lower floor.
You have a pair of large antennae on your head. (SInv)
Your four strong arms can wield two-handed weapons with a shield.


Message History

The orc priest is moderately wounded.
The orc priest hits you with a +0 whip.
The orc priest calls upon Beogh to heal the orc priest.
The orc priest's wounds heal themselves!
The orc wizard points at you and mumbles some strange words.
You block the puff of flame.
The orc priest casts a cantrip, but nothing happens.
You block the orc priest's attack.
You closely miss the orc priest.
The orc wizard hits you but does no damage.
The orc priest begins to cast a cantrip, but forgets the words!
The orc priest invokes the aid of Beogh against you.
Beogh smites you!
You hit the orc priest.
The orc priest is moderately wounded.
The orc wizard hits you with a +0 dagger.
You block the orc priest's attack.
The orc wizard hits you but does no damage.
You block the orc priest's attack.
You completely miss the orc priest.
The orc priest is moderately wounded.
You block the orc wizard's attack. The orc priest hits you with a +0 whip.
A hobgoblin comes into view.
You block the orc wizard's attack.
The orc priest calls down the wrath of Beogh upon you.
Pain shoots through your body!
* * * LOW HITPOINT WARNING * * *
The hobgoblin shouts!
You thump the orc priest!
You kill the orc priest!
The orc wizard points at you and mumbles some strange words.
The magic dart hits you!
* * * LOW HITPOINT WARNING * * *
Your Maces & Flails skill increases to level 3!
Your Shields skill increases to level 5!
You thump the orc priest!
The orc priest is almost dead.
You block the orc priest's attack.
The orc wizard hits you with a +0 dagger.
You die...

..#....###.. ..#
.###.......######..#
..#..#.............#
#.#.##..#..........###
#)#.....#.....)>.....##
......###.....).......#
...#.###..........##...
...#.#...###.###.##
.....#.### #.# #@#
.......# #.# #oo......
..#...## #.# #....##..
.......# #.# #..$.#
####....# #.# #....#
#.#..# #...g. .......
#...... ..#......
#....... .# ......


You could see an orc priest, an orc wizard and a hobgoblin.

Vanquished Creatures
  2 orc priests
  An adder (D:3)
  2 worms
  A dart slug (D:3)
  6 orcs
  An endoplasm (D:2)
  3 giant cockroaches
  3 goblins
  4 hobgoblins
  7 kobolds
  2 quokkas (D:1)
  4 ball pythons
  5 bats
  4 frilled lizards
  2 rats
47 creatures vanquished.

Notes
Turn   | Place    | Note
-------+----------+-------------------------------------------
     0 | D:1      | greasedhog the Formicid Fighter began the quest for the
                  | Orb.
     0 | D:1      | Reached XP level 1. HP: 18/18 MP: 1/1
   101 | D:1      | Reached XP level 2. HP: 24/24 MP: 2/2
   567 | D:1      | Found Jissue's Antique Weapon Shoppe.
   794 | D:1      | Reached XP level 3. HP: 29/29 MP: 3/3
   938 | D:2      | Reached XP level 4. HP: 8/37 MP: 4/4
  1050 | D:2      | You fall into a shaft and drop 1 floor!
  1663 | D:3      | Reached XP level 5. HP: 42/42 MP: 5/5
  1670 | D:3      | HP: 2/42 [orc wizard/magic dart (8)]
  1671 | D:3      | Reached skill level 5 in Shields
  1671 | D:3      | Slain by an orc wizard

Illustrated notes

Levels and vault maps discovered:
D:1:      minmay_arrival_checkered_box, layout_loops_ring, serial_shops,
          nicolae_shop_advertising_works [nicolae_subvault_shop_adworks],
          corexii_item_surrounded_by_moat, amcnicky_mini_corridor_feature,
          st_stairs_13, roderic_lattice_a, minmay_misc_feat_room
D:2:      layout_rooms
D:3:      layout_rooms, gammafunk_temple_overflow_claw, lemuel_tele_altar

Skill      XL: |  1  2  3  4  5 |
---------------+----------------+-----
Armour         | 4 |  4.1
Fighting       | 4 |  4.1
Maces & Flails | 3 |  3.0
Shields        | 5 |  5.1

Action                   |  1- 3 |  4- 6 || total
-------------------------+-------+-------++-------
Melee: Flail             |    73 |    69 ||   142
  Use: Scroll            |     2 |       ||     2
Armor: Scale mail        |    29 |    25 ||    54
Dodge: Dodged            |    30 |    13 ||    43
Block: Buckler           |     5 |       ||     5
       Tower shield      |    39 |    59 ||    98

Table legend: (Time is in decaauts)
 A = Elapsed time spent in this place.
 B = Non-inter-level travel time spent in this place.
 C = Inter-level travel time spent in this place.
 D = Time resting spent in this place.
 E = Time spent auto-exploring this place.
 F = Levels seen in this place.
 G = Mean time per level.
                   A        B        C        D        E       F      G
               +--------+--------+--------+--------+--------+-----+--------+
         Total |   1744 |   1700 |     44 |    106 |   1205 |   3 |  581.3 |
       Dungeon |   1744 |   1700 |     44 |    106 |   1205 |   3 |  581.3 |
               +--------+--------+--------+--------+--------+-----+--------+

Top non-repeatable levels by time:
     D:1: 899 daAuts
     D:2: 678 daAuts
     D:3: 167 daAuts
